Map: Sequencer LE

Players

Minato

  • Race: Zerg Zerg
  • Spawn Location: 1:00

thermy (uThermal) - Winner!

  • Race: Terran Terran
  • Spawn Location: 7:00

Event: WCS Valencia 2017

VOD

Have the link to the VOD?

Description

Time

  • Played on: July 13, 2017, 9:35 a.m.
  • Length: 6:15

All games in this series

Show
View Real Time Build Order
Export as new Build Order

Minato Zerg 

Build Orders: Pool First 

Get SALT Encoding   

  12  0:00  Drone  
  13  0:12  Overlord  
  13  0:17  Drone  
  14  0:30  Drone x2  
  14  0:35  Drone  
  17  0:45  Spawning Pool  
  17  0:49  Extractor  
  15  0:50  Drone  
  15  0:56  Drone  
  17  1:16  Hatchery  
  17  1:18  Drone  
  17  1:34  Roach Warren, Zergling x2  
  17  1:46  Queen  
  19  1:50  Drone  
  20  1:58  Overlord  
  20  2:14  Roach  
  22  2:17  Roach x2  
  26  2:28  Roach  
  28  2:31  Roach  
  30  2:37  Metabolic Boost  
  30  2:40  Drone  
  30  2:42  Drone  
  32  2:46  Drone  
  33  2:55  Queen  
  35  3:05  Drone  
  36  3:13  Overlord  
  36  3:14  Overlord  
  36  3:27  Extractor  
  35  3:30  Drone  
  35  3:32  Drone x2  
  38  3:34  Drone x3  
  41  3:55  Roach x4  
  47  4:01  Ravager  
  47  4:07  Roach x2  
  47  4:09  Overlord x2  
  51  4:11  Ravager  
  48  4:31  Zergling x10  
  48  4:36  Zergling x4  
  55  4:39  Zergling x2  
  55  4:40  Zergling x2  
  55  4:45  Zergling x4  
  59  4:47  Ravager  
  59  4:48  Zergling x2  
  59  5:08  Zergling x8  
  59  5:09  Zergling x6  
  66  5:21  Overlord x2  
  62  5:37  Zergling x4, Roach  
  62  5:40  Ravager x3  
Show
View Real Time Build Order
Export as new Build Order

thermy Terran - Winner!

Build Orders:  

Get SALT Encoding   

  12  0:01  SCV  
  13  0:13  SCV  
  14  0:21  Supply Depot  
  14  0:26  SCV  
  15  0:43  SCV  
  15  0:45  Barracks, Refinery  
  16  0:55  SCV  
  17  1:02  Barracks  
  17  1:07  SCV  
  18  1:19  SCV  
  19  1:32  Orbital Command, Reaper  
  20  1:38  Barracks  
  20  1:42  Refinery  
  20  1:49  Reaper  
  21  1:54  Supply Depot  
  21  1:58  SCV  
  22  2:04  Reaper  
  23  2:16  SCV  
  23  2:21  Reaper  
  25  2:23  Supply Depot  
  25  2:25  Reaper  
  25  2:28  SCV  
  27  2:36  Reaper  
  28  2:40  SCV  
  29  2:52  SCV  
  29  2:53  Reaper  
  31  2:59  Command Center  
  31  3:04  SCV  
  32  3:13  Factory  
  32  3:14  Barracks Tech Lab  
  32  3:17  SCV  
  33  3:24  Marine  
  33  3:25  Marine  
  35  3:33  Marine  
  36  3:34  Stimpack  
  36  3:35  SCV  
  37  3:47  SCV  
  38  3:48  Marine  
  39  4:01  Starport, Factory Reactor  
  39  4:10  Marine x3  
  39  4:11  SCV, Orbital Command  
  43  4:23  SCV  
  44  4:28  Marine x3  
  46  4:33  Supply Depot  
  46  4:35  SCV  
  46  4:37  SCV  
  48  4:45  Bunker, Medivac  
  48  4:46  Bunker  
  48  4:47  SCV  
  48  4:49  Cyclone  
  52  4:54  Supply Depot  
  52  5:00  Supply Depot  
  52  5:06  Marine  
  52  5:08  SCV x2  
  52  5:09  Bunker  
  52  5:13  Marine  
  55  5:17  Marauder, Supply Depot  
  57  5:24  Marine, Cyclone  
  61  5:31  Marine  
  62  5:37  Marine  
  62  5:39  Supply Depot  
  62  5:42  Marine  
  64  5:49  Marine  
  67  6:02  Supply Depot  
Tags
 
Add a new tag
Caveats
  • Supply blocks, unpowered buildings, or Contaminate may cause inaccurate times.
  • Supply counts are checked every 10 seconds.